 Dungeon Sprint DCSS version 0.19.1 (webtiles) character file.

460 yeeve the Fighter (level 6, -7/75 HPs)
             Began as a Troll Berserker on Dec 21, 2016.
             Was an Elder of Trog.
             Mangled by a komodo dragon (27 damage)
             ... in the Dungeon (Sprint IX: "|||||||||||||||||||||||||||||").
             The game lasted 00:01:22 (258 turns).

yeeve the Fighter (Troll Berserker)                  Turns: 258, Time: 00:01:22

Health: -7/75      AC:  5    Str: 29    XL:     6   Next: 78%
Magic:  0/5        EV: 14    Int:  4    God:    Trog [****..]
Gold:   0          SH:  0    Dex: 10    Spells: 0 memorised, 5 levels left

rFire  . . .     SeeInvis .       - Unarmed
rCold  . . .     Gourm    +     a - +0 animal skin
rNeg   . . .     Faith    .     (no shield)
rPois  .         Spirit   .     (helmet restricted)
rElec  .         Reflect  .     (no cloak)
rCorr  .         Harm     .     (gloves unavailable)
MR     .....     NoTele   +     (boots unavailable)
Stlth  +.........               (no amulet)
                                o - +3 ring of strength
                                n - +2 ring of evasion

@: exhausted, slowed, very slow
A: unfitting armour, claws 3, fast metabolism 3, gourmand, regeneration 1,
shaggy fur 1, tough skin 2
a: Berserk, Trog's Hand, Brothers in Arms, Burn Spellbooks, Renounce Religion


You were in the Dungeon.
You worshipped Trog.
Trog was greatly pleased with you.
You were very full.

You visited 1 branch

Inventory:

Hand Weapons
 m - a +2 morningstar of crushing
Missiles
 i - 4 stones (quivered)
Armour
 a - a +0 animal skin (worn)
Jewellery
 n - a +2 ring of evasion (left claw)
 o - a +3 ring of strength (right claw)
Wands
 l - a wand of lightning (7/15)
Scrolls
 h - 2 scrolls of blinking
 k - 3 scrolls of remove curse
Potions
 c - 5 potions of curing
 d - 3 potions of heal wounds
 e - a potion of haste
 f - 4 potions of magic
 j - a potion of invisibility
Comestibles
 b - 2 bread rations
 g - 5 chunks of flesh


   Skills:
 * Level 9.2 Fighting
 + Level 6.6 Dodging
 * Level 7.7 Unarmed Combat


You had 5 spell levels left.
You didn't know any spells.

Dungeon Overview and Level Annotations

Branches:
Dungeon (1/1)

Altars:
Cheibriados
Dithmenos
Elyvilon
Fedhas
Gozag
Hepliaklqana
Kikubaaqudgha
Makhleb
Nemelex Xobeh
Okawaru
Qazlal
Ru
Sif Muna
Trog
Uskayaw
Vehumet
Xom
Yredelemnul
Zin
The Shining One
Beogh
Jiyva
Lugonu


Innate Abilities, Weirdness & Mutations

You are too large for most types of armour.
You have claws for hands.
Your metabolism is lightning-fast.
You like to eat raw meat.
Your natural rate of healing is unusually fast.
You are covered in fur. (AC +1)
You have very tough skin. (AC +2)


Message History

You barely miss the komodo dragon.
The komodo dragon is heavily wounded.
The komodo dragon misses you.
There is an open door to the Dungeon, spattered with blood here.
The eye of draining gazes at you. The komodo dragon bites you!!
* * * LOW HITPOINT WARNING * * *
There isn't anything here!
You scratch the komodo dragon.
The komodo dragon is heavily wounded.
You are no longer corroded.
The komodo dragon barely misses you. The eye of draining gazes at you.
You scratch the komodo dragon.
The komodo dragon is severely wounded.
The komodo dragon barely misses you.
You claw the komodo dragon!
The komodo dragon is almost dead.
The komodo dragon bites you!!
You die...

▓.▓
▓?▓
▓|▓
▓)▓
▓[▓
▓[▓
▓[▓
▓.▓
▓T▓
▓l▓
▓G▓
▓†▓
▓.▓
▓.▓
▓.▓
▓.▓
▓+▓


You could see a komodo dragon and an eye of draining.

Vanquished Creatures
  A hornet (D)
  A necrophage (D)
  2 orc priests (D)
  2 jellies (D)
  2 worker ants (D)
  3 hobgoblins (D)
  A kobold (D)
  A quokka (D)
  A bat (D)
14 creatures vanquished.

Notes
Turn   | Place    | Note
-------+----------+-------------------------------------------
     0 | D        | yeeve the Troll Berserker began the quest for the Orb.
     0 | D        | Reached XP level 1. HP: 22/22 MP: 0/0
     7 | D        | Reached skill level 3 in Fighting
    10 | D        | Reached ** piety under Trog
   134 | D        | Noticed a jelly
   134 | D        | Noticed an orc priest
   134 | D        | Noticed a worker ant
   134 | D        | Noticed an orc priest
   140 | D        | Killed a jelly
   140 | D        | Reached *** piety under Trog
   140 | D        | Reached skill level 5 in Fighting
   140 | D        | Reached XP level 2. HP: 35/35 MP: 1/1
   140 | D        | Reached XP level 3. HP: 42/42 MP: 2/2
   142 | D        | Reached XP level 4. HP: 52/52 MP: 3/3
   145 | D        | Reached skill level 6 in Fighting
   151 | D        | Reached skill level 7 in Fighting
   151 | D        | Reached skill level 5 in Dodging
   189 | D        | Found a roughly hewn altar of Beogh.
   189 | D        | Found a snail-covered altar of Cheibriados.
   189 | D        | Found a shadowy altar of Dithmenos.
   189 | D        | Found a white marble altar of Elyvilon.
   189 | D        | Found a blossoming altar of Fedhas.
   189 | D        | Found an opulent altar of Gozag.
   190 | D        | Found a hazy altar of Hepliaklqana.
   191 | D        | Found a viscous altar of Jiyva.
   192 | D        | Found an ancient bone altar of Kikubaaqudgha.
   193 | D        | Found a corrupted altar of Lugonu.
   194 | D        | Found a burning altar of Makhleb.
   195 | D        | Found a sparkling altar of Nemelex Xobeh.
   196 | D        | Found an iron altar of Okawaru.
   197 | D        | Found a stormy altar of Qazlal.
   198 | D        | Found a sacrificial altar of Ru.
   199 | D        | Found a deep blue altar of Sif Muna.
   200 | D        | Found a bloodstained altar of Trog.
   201 | D        | Found a hide-covered altar of Uskayaw.
   202 | D        | Found a radiant altar of Vehumet.
   203 | D        | Found a shimmering altar of Xom.
   204 | D        | Found a basalt altar of Yredelemnul.
   205 | D        | Found a glowing silver altar of Zin.
   206 | D        | Found a glowing golden altar of the Shining One.
   234 | D        | Noticed a necrophage
   234 | D        | Noticed a hornet
   234 | D        | Noticed a komodo dragon
   234 | D        | Noticed an eye of draining
   239 | D        | Reached **** piety under Trog
   239 | D        | Reached XP level 5. HP: 62/62 MP: 0/4
   244 | D        | Killed a necrophage
   244 | D        | Reached skill level 8 in Fighting
   244 | D        | Reached skill level 5 in Unarmed Combat
   250 | D        | Killed a hornet
   250 | D        | Reached skill level 9 in Fighting
   250 | D        | Reached XP level 6. HP: 50/75 MP: 0/5
   258 | D        | Mangled by a komodo dragon

Skill      XL: |  1  2  3  4  5 |
---------------+----------------+-----
Fighting       | 5 7 9 |  9.2
Dodging        | 3 4 5 6 |  6.6
Unarmed Combat | 7 |  7.7

Action                   |  1- 3 |  4- 6 || total
-------------------------+-------+-------++-------
Melee: Unarmed           |    18 |    27 ||    45
Invok: Berserk           |       |     1 ||     1
  Use: Potion            |     1 |       ||     1
  Eat: Chunk             |     6 |     1 ||     7
Armor: Animal skin       |     5 |       ||     5
Dodge: Dodged            |     6 |    14 ||    20
